Map: Croisement de Kairos EC

Players

iŁSêlena

  • Race: Zerg Zerg
  • League: Master
  • Spawn Location: 5:00

zuka - Winner!

  • Race: Protoss Protoss
  • League: Master
  • Spawn Location: 11:00

VOD

Have the link to the VOD?

Description

Time

  • Played on: Dec. 30, 2018, 2:09 p.m.
  • Length: 4:56
Show
View Real Time Build Order
Export as new Build Order

iŁSêlena Zerg 

Build Orders: Pool First 

Get SALT Encoding   

  12  0:00  Drone  
  13  0:12  Overlord  
  13  0:17  Drone  
  14  0:30  Drone x2  
  14  0:34  Drone  
  17  0:43  Extractor  
  17  0:48  Spawning Pool  
  15  0:50  Drone  
  15  0:56  Drone  
  17  1:06  Drone  
  18  1:26  Drone  
  18  1:28  Drone  
  18  1:31  Hatchery  
  19  1:40  Queen  
  19  1:44  Zergling x2  
  22  1:51  Metabolic Boost  
  22  2:04  Roach Warren  
  22  2:05  Drone  
  22  2:11  Overlord  
  22  2:30  Overlord  
  22  2:44  Roach x2  
  26  2:45  Roach  
  26  2:47  Roach x2  
  26  2:49  Roach  
  34  2:54  Roach  
  36  3:00  Roach  
  36  3:04  Zergling x2  
  39  3:11  Overlord  
  39  3:13  Zergling x2  
  39  3:18  Zergling x2  
  39  3:19  Zergling x2  
  42  3:26  Zergling x4  
  44  3:29  Zergling x2  
  44  3:33  Zergling x2  
  46  3:35  Ravager  
  46  3:39  Zergling x2  
  48  3:43  Zergling x2  
  48  3:45  Zergling x2  
  48  3:47  Zergling x2  
  46  3:58  Zergling x4  
  43  4:03  Ravager  
  43  4:06  Zergling x4  
  43  4:07  Zergling x2  
  43  4:09  Zergling x2  
  42  4:14  Ravager  
  40  4:17  Zergling x2  
  40  4:20  Zergling x2  
  42  4:28  Zergling x2  
  42  4:29  Ravager  
  43  4:31  Zergling x2  
Show
View Real Time Build Order
Export as new Build Order

zuka Protoss - Winner!

Build Orders: 1 Gate Expand 

Get SALT Encoding   

  12  0:00  Probe  
  13  0:13  Probe  
  14  0:19  Pylon  
  14  0:21  Probe  
  15  0:33  Probe  
  15  0:40  Gateway  
  16  0:44  Probe  
  16  0:48  Assimilator  
  17  0:54  Probe  
  18  1:02  Probe  
  18  1:10  Probe  
  20  1:27  Nexus  
  20  1:37  Cybernetics Core  
  20  1:41  Probe  
  21  1:47  Assimilator  
  21  1:53  Probe  
  22  1:56  Pylon  
  22  2:06  Probe, Adept  
  25  2:18  Probe  
  25  2:30  Probe  
  25  2:31  Robotics Facility  
  28  2:38  Stalker  
  28  2:41  Probe  
  29  2:50  Gateway  
  29  3:00  Shield Battery  
  29  3:08  Stalker  
  29  3:09  Immortal  
  35  3:23  Pylon  
  35  3:33  Shield Battery  
  35  3:38  Sentry  
  35  3:41  Zealot  
  39  3:45  Immortal  
  43  3:58  Pylon  
  41  4:16  Shield Battery  
  40  4:21  Shield Battery  
  44  4:39  Pylon  
  39  4:46  Pylon  
Tags
 
Add a new tag
Caveats
  • Supply blocks, unpowered buildings, or Contaminate may cause inaccurate times.
  • Supply counts are checked every 10 seconds.